Colorado Rockies vs Pittsburgh Penguins

Created - Wednesday, September 3, 2025 at 07:49

Goals
1 2 3 T
Colorado Rockies 2 1 2 5
Pittsburgh Penguins 2 0 1 3
Shots
1 2 3 T
Colorado Rockies 7 11 8 26
Pittsburgh Penguins 16 13 11 40

1st period

1. Pittsburgh Penguins , Sam Reinhart 10 (Erik Karlsson 11, Travis Sanheim 6) at 0:28 (PP)
2. Colorado Rockies , David Pastrnak 10 (Jesper Bratt 13, Martin Fehervary 9) at 4:58
3. Pittsburgh Penguins , Tage Thompson 11 (Gabriel Vilardi 13) at 5:58
4. Colorado Rockies , Philipp Kurashev 2 (Timothy Liljegren 6) at 16:11

Penalties :
Nikita Kucherov (COL) for Cross-checking (Minor) at 0:14, Jesper Bratt (COL) for Hooking (Minor) at 11:31

2nd period

5. Colorado Rockies , Jesper Bratt 9 (David Pastrnak 14) at 11:40 (PP)

Penalties :
Zemgus Girgensons (PIT) for Hooking (Minor) at 6:42, Tage Thompson (PIT) for Holding (Minor) at 11:24, Travis Sanheim (PIT) for Interference (Minor) at 15:01

3rd period

6. Pittsburgh Penguins , Phillip Danault 5 (Christian Dvorak 9, Zemgus Girgensons 1) at 1:28
7. Colorado Rockies , Kevin Hayes 1 (Michael Bunting 7, Nick Schmaltz 5) at 8:04
8. Colorado Rockies , Michael Bunting 6 (Martin Fehervary 10, Nick Schmaltz 6) at 13:45

Penalties :
No Penalty

Goalie Stats

Daniil Tarasov (COL), 37 saves from 40 shots - (0.925), W, 1-6-1, 60:00 minutes
John Gibson (PIT), 21 saves from 26 shots - (0.808), L, 10-4-2, 60:00 minutes

Players Stats for Colorado Rockies

Player Name              G  A  P  +/- PIM S  H  SB GA TA FO     MP     PP MP  PK MP  
------------------------------------------------------------------------------------
Andrew Peeke             0  0  0   0  0   0  1  2  0  1  0/0    20:07   1:58   1:03 
David Pastrnak           1  1  2   1  0   2  0  0  0  0  0/1    14:44   2:09   1:12 
Evgeny Kuznetsov         0  0  0   1  0   0  0  0  0  0  0/9    13:09   0:00   0:00 
Jesper Bratt             1  1  2   1  2   2  1  0  1  0  0/0    14:51   2:09   0:00 
Kevin Hayes              1  0  1   2  0   2  1  0  0  0  0/0    13:20   0:00   0:00 
Kyle Connor              0  0  0  -2  0   1  1  0  1  0  0/1    17:25   2:05   0:59 
Kyle Palmieri            0  0  0   1  0   0  2  1  0  1  2/5    13:32   2:09   0:00 
Martin Fehervary         0  2  2   1  0   0  1  2  1  0  0/0    23:22   2:16   1:10 
Michael Bunting          1  1  2   2  0   6  4  2  0  1  1/2    15:05   0:00   0:16 
Nick Bonino              0  0  0   1  0   0  0  0  0  0  0/0    13:00   0:00   0:00 
Nick Schmaltz            0  2  2   2  0   0  1  0  0  0  5/16   14:51   0:00   0:02 
Nikita Kucherov          0  0  0  -2  2   2  1  0  0  0  0/0    17:23   2:05   0:58 
Philipp Kurashev         1  0  1   1  0   5  0  0  0  0  1/1    13:00   0:00   0:00 
Tim Stutzle              0  0  0  -2  0   2  0  0  0  0  8/19   17:25   2:05   0:59 
Timothy Liljegren        0  1  1   0  0   2  1  0  0  0  0/0    20:07   1:58   1:03 
Victor Hedman            0  0  0   1  0   1  0  3  1  2  0/0    23:22   2:16   1:10 
Vince Dunn               0  0  0   1  0   0  1  0  0  2  0/0    16:31   0:00   0:00 
Zach Whitecloud          0  0  0   1  0   1  2  0  0  1  0/0    16:31   0:00   0:00 

Players Stats for Pittsburgh Penguins

Player Name              G  A  P  +/- PIM S  H  SB GA TA FO     MP     PP MP  PK MP  
------------------------------------------------------------------------------------
Blake Coleman            0  0  0   0  0   2  4  1  2  0  0/1    15:09   0:00   0:00 
Brian Dumoulin           0  0  0  -1  0   3  0  1  0  2  0/0    21:30   1:07   1:55 
Carson Soucy             0  0  0   1  0   2  0  0  1  0  0/0    16:45   0:00   0:05 
Christian Dvorak         0  1  1   1  0   2  0  0  0  0  0/0     9:35   0:01   0:00 
Erik Gudbranson          0  0  0   1  0   2  1  1  0  0  0/0    17:34   0:00   0:58 
Erik Karlsson            0  1  1  -2  0   2  1  2  1  1  0/0    21:49   1:06   2:14 
Gabriel Vilardi          0  1  1   1  0   3  1  1  1  0  0/0    15:27   1:02   0:00 
Jordan Eberle            0  0  0   0  0   1  1  0  1  0  0/0    15:30   0:01   0:00 
Leon Draisaitl           0  0  0  -4  0   6  1  1  0  0  11/19  17:23   1:10   1:55 
Mattias Ekholm           0  0  0  -1  0   1  1  1  0  0  0/0    21:35   1:07   2:00 
Mitchell Marner          0  0  0  -4  0   1  0  0  1  0  3/3    17:23   1:10   1:55 
Pavel Buchnevich         0  0  0   0  0   2  0  0  1  0  8/11   15:18   0:00   0:05 
Phillip Danault          1  0  1   1  0   4  0  1  0  0  4/4     9:14   0:00   0:00 
Ryan O'Reilly            0  0  0   1  0   4  0  0  0  0  11/16  17:44   1:02   2:14 
Sam Reinhart             1  0  1  -4  0   1  1  1  0  0  0/0    17:54   1:10   2:19 
Tage Thompson            1  0  1   1  2   3  0  0  0  0  0/0    15:26   1:02   0:00 
Travis Sanheim           0  1  1  -2  2   0  0  2  0  1  0/0    20:50   1:06   1:16 
Zemgus Girgensons        0  1  1   1  2   1  3  2  0  0  0/0     9:37   0:01   0:00 

3 Stars

1 - Michael Bunting (COL)
2 - David Pastrnak (COL)
3 - Nick Schmaltz (COL)

Power Play

Colorado Rockies - 1 on 3 Attempt(s) - 33.33%
Pittsburgh Penguins - 1 on 2 Attempt(s) - 50.00%

Penalty Kill

Colorado Rockies - 1 on 2 Attempt(s) - 50.00% - Score 0 goal in Penalty Kill
Pittsburgh Penguins - 2 on 3 Attempt(s) - 66.67% - Score 0 goal in Penalty Kill

Team Stat

Colorado Rockies - Hits : 17 - Faceoff Wins : 17 - Blocked Shots : 10 - Penalty Minutes : 4
Pittsburgh Penguins - Hits : 14 - Faceoff Wins : 37 - Blocked Shots : 14 - Penalty Minutes : 6

Official

Referees : Trevor Hanson and Conor O'Donnell
Linesman : Derek Nansen and Ryan Jackson

Game Notes

No Game Note

Finance

Level 1 -- Attendance: 4633 (77.22%) -- Ticket Income $463,300
Level 2 -- Attendance: 3534 (70.68%) -- Ticket Income $212,040
Level 3 -- Attendance: 2456 (81.87%) -- Ticket Income $85,960
Level 4 -- Attendance: 3816 (76.32%) -- Ticket Income $95,400
Luxury Box -- Attendance: 780 (78.00%) -- Ticket Income $156,000
Game was played at the Consol Energy Center.
Total Attendance: 15219 (76.10%)
Total Ticket Income: $1,012,700
Other Income: $354,445
Total Income: $1,367,145

Colorado Rockies

5 vs 5 Forward 
   Center                   Left Wing                Right Wing               Time % Phy DF OF 
 1 Tim Stutzle              Kyle Connor              Nikita Kucherov          25     1   2  2  
 2 Kyle Palmieri            Jesper Bratt             David Pastrnak           25     1   2  2  
 3 Nick Schmaltz            Michael Bunting          Kevin Hayes              25     1   2  2  
 4 Evgeny Kuznetsov         Nick Bonino              Philipp Kurashev         25     1   2  2  

5 vs 5 Defense 
   Defense                  Defense                                           Time % Phy DF OF 
 1 Victor Hedman            Martin Fehervary                                  35     1   2  2  
 2 Timothy Liljegren        Andrew Peeke                                      30     1   2  2  
 3 Vince Dunn               Zach Whitecloud                                   30     1   2  2  
 4 Victor Hedman            Martin Fehervary                                  5      1   2  2  

PowerPlay Forward 
   Center                   Left Wing                Right Wing               Time % Phy DF OF 
 1 Tim Stutzle              Kyle Connor              Nikita Kucherov          50     1   2  2  
 2 Kyle Palmieri            Jesper Bratt             David Pastrnak           50     1   2  2  

PowerPlay Defense
   Defense                  Defense                                           Time % Phy DF OF 
 1 Victor Hedman            Martin Fehervary                                  50     1   2  2  
 2 Timothy Liljegren        Andrew Peeke                                      50     1   2  2  

Penalty Kill 4 Players Forward 
   Center                   Wing                     Time % Phy DF OF 
 1 Nikita Kucherov          David Pastrnak           50     1   2  2  
 2 Tim Stutzle              Kyle Connor              50     1   2  2  

Penalty Kill 4 Players Defense
   Defense                  Defense                  Time % Phy DF OF 
 1 Victor Hedman            Martin Fehervary         50     1   2  2  
 2 Timothy Liljegren        Andrew Peeke             50     1   2  2  

Penalty Kill - 3 Players Forward 
   Forward                                           Time % Phy DF OF 
 1 Nikita Kucherov                                   50     1   2  2  
 2 David Pastrnak                                    50     1   2  2  

Penalty Kill - 3 Players Defense
   Defense                  Defense                  Time % Phy DF OF 
 1 Victor Hedman            Martin Fehervary         50     1   2  2  
 2 Timothy Liljegren        Andrew Peeke             50     1   2  2  

4 vs 4 Forward 
   Center                   Wing                     Time % Phy DF OF 
 1 Nikita Kucherov          David Pastrnak           50     1   2  2  
 2 Tim Stutzle              Kyle Connor              50     1   2  2  

4 vs 4 Defense
   Defense                  Defense                  Time % Phy DF OF 
 1 Victor Hedman            Martin Fehervary         50     1   2  2  
 2 Timothy Liljegren        Andrew Peeke             50     1   2  2  

Last Minutes Offensive
   Center                   Left Wing                Right Wing               Defense                  Defense                  
   Tim Stutzle              Kyle Connor              Nikita Kucherov          Victor Hedman            Martin Fehervary         

Last Minutes Defensive
   Center                   Left Wing                Right Wing               Defense                  Defense                  
   Tim Stutzle              Kyle Connor              Nikita Kucherov          Victor Hedman            Martin Fehervary         

Goaltenders
Starting : Daniil Tarasov           
Backup : Joey Daccord             

Extra Forwards
Normal : Evgeny Kuznetsov, Nick Schmaltz, Michael Bunting - PP : Evgeny Kuznetsov, Nick Schmaltz - PK : Michael Bunting
Extra Defensemen
Normal : Vince Dunn, Zach Whitecloud, Timothy Liljegren - PP : Vince Dunn - PK : Zach Whitecloud, Timothy Liljegren
Penalty Shots
Nikita Kucherov, David Pastrnak, Tim Stutzle, Kyle Connor, Jesper Bratt

Scratches
Quinn Hughes (Healthy), Arvid Soderblom (Healthy)

Pittsburgh Penguins

5 vs 5 Forward 
   Center                   Left Wing                Right Wing               Time % Phy DF OF 
 1 Leon Draisaitl           Sam Reinhart             Mitchell Marner          30     1   2  2  
 2 Ryan O'Reilly            Tage Thompson            Gabriel Vilardi          30     1   2  2  
 3 Pavel Buchnevich         Blake Coleman            Jordan Eberle            25     1   2  2  
 4 Phillip Danault          Christian Dvorak         Zemgus Girgensons        15     1   2  2  

5 vs 5 Defense 
   Defense                  Defense                                           Time % Phy DF OF 
 1 Travis Sanheim           Erik Karlsson                                     35     1   2  2  
 2 Brian Dumoulin           Mattias Ekholm                                    35     1   2  2  
 3 Carson Soucy             Erik Gudbranson                                   30     1   2  2  
 4 Travis Sanheim           Erik Karlsson                                     0      1   2  2  

PowerPlay Forward 
   Center                   Left Wing                Right Wing               Time % Phy DF OF 
 1 Leon Draisaitl           Sam Reinhart             Mitchell Marner          50     1   2  2  
 2 Ryan O'Reilly            Tage Thompson            Gabriel Vilardi          50     1   2  2  

PowerPlay Defense
   Defense                  Defense                                           Time % Phy DF OF 
 1 Travis Sanheim           Erik Karlsson                                     50     1   2  2  
 2 Brian Dumoulin           Mattias Ekholm                                    50     1   2  2  

Penalty Kill 4 Players Forward 
   Center                   Wing                     Time % Phy DF OF 
 1 Mitchell Marner          Leon Draisaitl           50     1   2  2  
 2 Sam Reinhart             Ryan O'Reilly            50     1   2  2  

Penalty Kill 4 Players Defense
   Defense                  Defense                  Time % Phy DF OF 
 1 Travis Sanheim           Erik Karlsson            50     1   2  2  
 2 Brian Dumoulin           Mattias Ekholm           50     1   2  2  

Penalty Kill - 3 Players Forward 
   Forward                                           Time % Phy DF OF 
 1 Mitchell Marner                                   50     1   2  2  
 2 Leon Draisaitl                                    50     1   2  2  

Penalty Kill - 3 Players Defense
   Defense                  Defense                  Time % Phy DF OF 
 1 Travis Sanheim           Erik Karlsson            50     1   2  2  
 2 Brian Dumoulin           Mattias Ekholm           50     1   2  2  

4 vs 4 Forward 
   Center                   Wing                     Time % Phy DF OF 
 1 Mitchell Marner          Leon Draisaitl           50     1   2  2  
 2 Sam Reinhart             Ryan O'Reilly            50     1   2  2  

4 vs 4 Defense
   Defense                  Defense                  Time % Phy DF OF 
 1 Travis Sanheim           Erik Karlsson            50     1   2  2  
 2 Brian Dumoulin           Mattias Ekholm           50     1   2  2  

Last Minutes Offensive
   Center                   Left Wing                Right Wing               Defense                  Defense                  
   Leon Draisaitl           Sam Reinhart             Mitchell Marner          Travis Sanheim           Erik Karlsson            

Last Minutes Defensive
   Center                   Left Wing                Right Wing               Defense                  Defense                  
   Leon Draisaitl           Sam Reinhart             Mitchell Marner          Travis Sanheim           Erik Karlsson            

Goaltenders
Starting : John Gibson              
Backup : Jordan Binnington        

Extra Forwards
Normal : Christian Dvorak, Zemgus Girgensons, Pavel Buchnevich - PP : Christian Dvorak, Zemgus Girgensons - PK : Pavel Buchnevich
Extra Defensemen
Normal : Carson Soucy, Erik Gudbranson, Brian Dumoulin - PP : Carson Soucy - PK : Erik Gudbranson, Brian Dumoulin
Penalty Shots
Mitchell Marner, Leon Draisaitl, Sam Reinhart, Ryan O'Reilly, Tage Thompson

Scratches
Jack Finley (Healthy), Justin Kirkland (Healthy), Kale Clague (Healthy), Michael DiPietro (Healthy)

% Time on Ice - Colorado Rockies

Lines # - Real PCT - Wanted PCT - Time Play
Normal Forward
1 - 27% - 25% - 14:30
2 - 24% - 25% - 12:43
3 - 25% - 25% - 13:20
4 - 24% - 25% - 13:00
Normal Defense
1 - 35% - 35% - 18:52
2 - 32% - 30% - 17:06
3 - 31% - 30% - 16:31
4 - 2% - 5% - 1:04
PP Forward
1 - 49% - 50% - 2:05
2 - 51% - 50% - 2:09
PP Defense
1 - 54% - 50% - 2:16
2 - 46% - 50% - 1:58
PK Forward
1 - 54% - 50% - 1:12
2 - 46% - 50% - 1:01
PK Defense
1 - 53% - 50% - 1:10
2 - 47% - 50% - 1:03
PK3 Forward
1 - 0% - 50%
2 - 0% - 50%
PK3 Defense
1 - 0% - 50%
2 - 0% - 50%
44 Forward
1 - 0% - 50%
2 - 0% - 50%
44 Defense
1 - 0% - 50%
2 - 0% - 50%
Last Minute Offensive  - 0:00
Last Minute Defensive  - 0:00
Total
Forward - 60:00
Defense - 60:00

% Time on Ice - Pittsburgh Penguins

Lines # - Real PCT - Wanted PCT - Time Play
Normal Forward
1 - 27% - 30% - 14:38
2 - 27% - 30% - 14:32
3 - 28% - 25% - 15:09
4 - 17% - 15% - 9:14
Normal Defense
1 - 35% - 35% - 18:29
2 - 34% - 35% - 18:28
3 - 31% - 30% - 16:36
4 - 0% - 0% - 0:00
PP Forward
1 - 53% - 50% - 1:11
2 - 47% - 50% - 1:02
PP Defense
1 - 50% - 50% - 1:06
2 - 50% - 50% - 1:07
PK Forward
1 - 45% - 50% - 1:55
2 - 55% - 50% - 2:19
PK Defense
1 - 53% - 50% - 2:14
2 - 47% - 50% - 2:00
PK3 Forward
1 - 0% - 50%
2 - 0% - 50%
PK3 Defense
1 - 0% - 50%
2 - 0% - 50%
44 Forward
1 - 0% - 50%
2 - 0% - 50%
44 Defense
1 - 0% - 50%
2 - 0% - 50%
Last Minute Offensive  - 0:00
Last Minute Defensive  - 0:00
Total
Forward - 60:00
Defense - 60:00

Play-by-Play

1st period


0:01 of 1st period - Leon Draisaitl wins face-off versus Tim Stutzle in neutral zone.
0:12 of 1st period - Slapshot by Mitchell Marner.
0:12 of 1st period - Shot Blocked by Martin Fehervary.
0:14 of 1st period - Minor Penalty to Nikita Kucherov for Cross-checking.
0:15 of 1st period - Leon Draisaitl wins face-off versus Michael Bunting in Colorado Rockies zone.
0:16 of 1st period - Snap shot by Mitchell Marner.
0:16 of 1st period - Shot Blocked by Victor Hedman.
0:18 of 1st period - Slapshot by Erik Karlsson.
0:18 of 1st period - Shot Misses the Net.
0:20 of 1st period - Snap shot by Mitchell Marner.
0:20 of 1st period - Shot Misses the Net.
0:22 of 1st period - Snap shot by Erik Karlsson.
0:22 of 1st period - Shot Misses the Net.
0:24 of 1st period - Snap shot by Leon Draisaitl.
0:24 of 1st period - Shot Misses the Net.
0:26 of 1st period - Slapshot by Travis Sanheim.
0:26 of 1st period - Shot Blocked by Michael Bunting.
0:28 of 1st period - Wrist shot by Erik Karlsson.
0:28 of 1st period - Deflect By Sam Reinhart.
0:28 of 1st period - Goal by Sam Reinhart - Colorado Rockies : 0 - Pittsburgh Penguins : 1.
0:29 of 1st period - Ryan O'Reilly wins face-off versus Kyle Palmieri in neutral zone.
0:36 of 1st period - Wrist shot by Tage Thompson.
0:36 of 1st period - Stopped by Daniil Tarasov with a rebound.
0:38 of 1st period - Slapshot by Brian Dumoulin.
0:38 of 1st period - Stopped by Daniil Tarasov with a rebound.
0:40 of 1st period - Slapshot by Mattias Ekholm.
0:40 of 1st period - Stopped by Daniil Tarasov with a rebound.
0:42 of 1st period - Slapshot by Brian Dumoulin.
0:42 of 1st period - Stopped by Daniil Tarasov with a rebound.
0:44 of 1st period - Backhand shot by Brian Dumoulin.
0:44 of 1st period - Stopped by Daniil Tarasov with a rebound.
1:00 of 1st period - Blake Coleman is hit by Andrew Peeke and loses puck.
1:31 of 1st period - Brian Dumoulin is hit by Zach Whitecloud and loses puck.
2:19 of 1st period - Snap shot by Ryan O'Reilly.
2:19 of 1st period - Stopped by Daniil Tarasov without a rebound.
2:20 of 1st period - Nick Schmaltz wins face-off versus Pavel Buchnevich in Colorado Rockies zone.
2:31 of 1st period - Snap shot by Michael Bunting.
2:31 of 1st period - Stopped by John Gibson with a rebound.
2:49 of 1st period - Icing by Erik Gudbranson.
2:50 of 1st period - Tim Stutzle wins face-off versus Ryan O'Reilly in Pittsburgh Penguins zone.
2:51 of 1st period - Wrist shot by Nikita Kucherov.
2:51 of 1st period - Shot Blocked by Erik Karlsson.
3:57 of 1st period - Slapshot by Gabriel Vilardi.
3:57 of 1st period - Stopped by Daniil Tarasov without a rebound.
3:58 of 1st period - Leon Draisaitl wins face-off versus Evgeny Kuznetsov in Colorado Rockies zone.
4:58 of 1st period - Wrist shot by David Pastrnak.
4:58 of 1st period - Goal by David Pastrnak - Colorado Rockies : 1 - Pittsburgh Penguins : 1.
4:59 of 1st period - Pavel Buchnevich wins face-off versus Nick Schmaltz in neutral zone.
5:58 of 1st period - Snap shot by Gabriel Vilardi.
5:58 of 1st period - Deflect By Tage Thompson.
5:58 of 1st period - Goal by Tage Thompson - Colorado Rockies : 1 - Pittsburgh Penguins : 2.
5:59 of 1st period - Pavel Buchnevich wins face-off versus Nick Schmaltz in neutral zone.
6:10 of 1st period - Victor Hedman is hit by Blake Coleman.
6:24 of 1st period - Martin Fehervary is hit by Zemgus Girgensons and loses puck.
7:08 of 1st period - Tage Thompson is hit by Zach Whitecloud and loses puck.
7:13 of 1st period - Wrist shot by Michael Bunting.
7:13 of 1st period - Shot Misses the Net.
7:15 of 1st period - Slapshot by Michael Bunting.
7:15 of 1st period - Shot Misses the Net.
7:17 of 1st period - Slapshot by Timothy Liljegren.
7:17 of 1st period - Stopped by John Gibson with a rebound.
7:29 of 1st period - Andrew Peeke is hit by Blake Coleman and loses puck.
7:55 of 1st period - Icing by Travis Sanheim.
7:56 of 1st period - Pavel Buchnevich wins face-off versus Evgeny Kuznetsov in Pittsburgh Penguins zone.
8:03 of 1st period - Slapshot by Victor Hedman.
8:03 of 1st period - Shot Misses the Net.
9:15 of 1st period - Snap shot by Blake Coleman.
9:15 of 1st period - Shot Blocked by Victor Hedman.
9:17 of 1st period - Wrist shot by Blake Coleman.
9:17 of 1st period - Stopped by Daniil Tarasov with a rebound.
9:27 of 1st period - Wrist shot by Jordan Eberle.
9:27 of 1st period - Shot Misses the Net.
9:29 of 1st period - Snap shot by Mattias Ekholm.
9:29 of 1st period - Shot Blocked by Victor Hedman.
9:31 of 1st period - Snap shot by Pavel Buchnevich.
9:31 of 1st period - Stopped by Daniil Tarasov without a rebound.
9:32 of 1st period - Leon Draisaitl wins face-off versus Nick Schmaltz in Colorado Rockies zone.
9:57 of 1st period - Zemgus Girgensons is hit by Kyle Palmieri and loses puck.
10:17 of 1st period - Wrist shot by Ryan O'Reilly.
10:17 of 1st period - Stopped by Daniil Tarasov with a rebound.
10:37 of 1st period - Travis Sanheim is hit by Michael Bunting and loses puck.
10:58 of 1st period - Wrist shot by Leon Draisaitl.
10:58 of 1st period - Stopped by Daniil Tarasov with a rebound.
11:00 of 1st period - Snap shot by Sam Reinhart.
11:00 of 1st period - Shot Blocked by Kyle Palmieri.
11:02 of 1st period - Wrist shot by Leon Draisaitl.
11:02 of 1st period - Stopped by Daniil Tarasov without a rebound.
11:03 of 1st period - Nick Schmaltz wins face-off versus Leon Draisaitl in Colorado Rockies zone.
11:31 of 1st period - Minor Penalty to Jesper Bratt for Hooking.
11:32 of 1st period - Tim Stutzle wins face-off versus Ryan O'Reilly in Colorado Rockies zone.
12:05 of 1st period - Slapshot by Mitchell Marner.
12:05 of 1st period - Stopped by Daniil Tarasov with a rebound.
12:52 of 1st period - Ryan O'Reilly is hit by Martin Fehervary and loses puck.
13:31 of 1st period - Penalty to Jesper Bratt is over, Jesper Bratt is back on ice.
13:40 of 1st period - Jesper Bratt is hit by Zemgus Girgensons and loses puck.
14:02 of 1st period - Icing by Vince Dunn.
14:03 of 1st period - Michael Bunting wins face-off versus Pavel Buchnevich in Colorado Rockies zone.
14:17 of 1st period - Carson Soucy is hit by Jesper Bratt and loses puck.
14:46 of 1st period - Snap shot by Nick Schmaltz.
14:46 of 1st period - Shot Misses the Net.
14:48 of 1st period - Wrist shot by Vince Dunn.
14:48 of 1st period - Shot Misses the Net.
14:50 of 1st period - Slapshot by Zach Whitecloud.
14:50 of 1st period - Stopped by John Gibson without a rebound.
14:51 of 1st period - Tim Stutzle wins face-off versus Leon Draisaitl in Pittsburgh Penguins zone.
14:54 of 1st period - Slapshot by Nikita Kucherov.
14:54 of 1st period - Shot Misses the Net.
14:56 of 1st period - Slapshot by Tim Stutzle.
14:56 of 1st period - Shot Blocked by Brian Dumoulin.
14:58 of 1st period - Snap shot by Tim Stutzle.
14:58 of 1st period - Shot Misses the Net.
15:00 of 1st period - Snap shot by Nikita Kucherov.
15:00 of 1st period - Shot Misses the Net.
15:23 of 1st period - Snap shot by Leon Draisaitl.
15:23 of 1st period - Stopped by Daniil Tarasov with a rebound.
15:49 of 1st period - Wrist shot by Leon Draisaitl.
15:49 of 1st period - Shot Misses the Net.
15:51 of 1st period - Snap shot by Mitchell Marner.
15:51 of 1st period - Shot Blocked by Andrew Peeke.
16:11 of 1st period - Snap shot by Philipp Kurashev.
16:11 of 1st period - Goal by Philipp Kurashev - Colorado Rockies : 2 - Pittsburgh Penguins : 2.
16:12 of 1st period - Ryan O'Reilly wins face-off versus Nick Schmaltz in neutral zone.
16:19 of 1st period - Snap shot by Kevin Hayes.
16:19 of 1st period - Stopped by John Gibson with a rebound.
16:21 of 1st period - Wrist shot by Michael Bunting.
16:21 of 1st period - Stopped by John Gibson with a rebound.
16:28 of 1st period - Off-side.
16:29 of 1st period - Phillip Danault wins face-off versus Tim Stutzle in neutral zone.
17:09 of 1st period - Snap shot by Tage Thompson.
17:09 of 1st period - Shot Misses the Net.
17:20 of 1st period - Off-side.
17:21 of 1st period - Pavel Buchnevich wins face-off versus Kyle Palmieri in neutral zone.
18:10 of 1st period - Wrist shot by Kyle Palmieri.
18:10 of 1st period - Shot Misses the Net.
18:28 of 1st period - Slapshot by Jesper Bratt.
18:28 of 1st period - Shot Misses the Net.
Goals for this period are 2 for Colorado Rockies vs 2 for Pittsburgh Penguins.
Shots for this period are 7 for Colorado Rockies vs 16 for Pittsburgh Penguins.

2nd period


0:01 of 2nd period - Ryan O'Reilly wins face-off versus Nick Schmaltz in neutral zone.
1:04 of 2nd period - Icing by Kyle Palmieri.
1:05 of 2nd period - Pavel Buchnevich wins face-off versus Nick Schmaltz in Colorado Rockies zone.
1:09 of 2nd period - Icing by Timothy Liljegren.
1:10 of 2nd period - Pavel Buchnevich wins face-off versus Nick Schmaltz in Colorado Rockies zone.
1:38 of 2nd period - Snap shot by Michael Bunting.
1:38 of 2nd period - Stopped by John Gibson with a rebound.
1:40 of 2nd period - Wrist shot by Michael Bunting.
1:40 of 2nd period - Stopped by John Gibson without a rebound.
1:41 of 2nd period - Ryan O'Reilly wins face-off versus Tim Stutzle in Pittsburgh Penguins zone.
2:32 of 2nd period - Snap shot by Mitchell Marner.
2:32 of 2nd period - Shot Misses the Net.
2:40 of 2nd period - Brian Dumoulin is hit by Michael Bunting.
2:56 of 2nd period - Snap shot by Jesper Bratt.
2:56 of 2nd period - Shot Misses the Net.
2:58 of 2nd period - Slapshot by Zach Whitecloud.
2:58 of 2nd period - Shot Blocked by Mattias Ekholm.
3:24 of 2nd period - Andrew Peeke is hit by Mattias Ekholm and loses puck.
4:54 of 2nd period - Wrist shot by Nikita Kucherov.
4:54 of 2nd period - Shot Misses the Net.
4:56 of 2nd period - Slapshot by Victor Hedman.
4:56 of 2nd period - Deflect By Tim Stutzle.
4:56 of 2nd period - Stopped by John Gibson without a rebound.
4:57 of 2nd period - Pavel Buchnevich wins face-off versus Kyle Connor in Pittsburgh Penguins zone.
5:21 of 2nd period - Wrist shot by Tim Stutzle.
5:21 of 2nd period - Shot Misses the Net.
5:29 of 2nd period - Snap shot by Tim Stutzle.
5:29 of 2nd period - Stopped by John Gibson with a rebound.
5:31 of 2nd period - Snap shot by Kyle Connor.
5:31 of 2nd period - Stopped by John Gibson without a rebound.
5:32 of 2nd period - Ryan O'Reilly wins face-off versus Nick Schmaltz in Pittsburgh Penguins zone.
6:04 of 2nd period - Wrist shot by Victor Hedman.
6:04 of 2nd period - Shot Blocked by Leon Draisaitl.
6:10 of 2nd period - Snap shot by Mitchell Marner.
6:10 of 2nd period - Shot Misses the Net.
6:12 of 2nd period - Snap shot by Mitchell Marner.
6:12 of 2nd period - Shot Misses the Net.
6:14 of 2nd period - Slapshot by Erik Gudbranson.
6:14 of 2nd period - Stopped by Daniil Tarasov with a rebound.
6:42 of 2nd period - Minor Penalty to Zemgus Girgensons for Hooking.
6:43 of 2nd period - Leon Draisaitl wins face-off versus Tim Stutzle in Pittsburgh Penguins zone.
6:52 of 2nd period - Snap shot by Ryan O'Reilly.
6:52 of 2nd period - Shot Misses the Net.
7:16 of 2nd period - Snap shot by Jesper Bratt.
7:16 of 2nd period - Stopped by John Gibson with a rebound.
8:42 of 2nd period - Penalty to Zemgus Girgensons is over, Zemgus Girgensons is back on ice.
8:50 of 2nd period - Wrist shot by Ryan O'Reilly.
8:50 of 2nd period - Stopped by Daniil Tarasov with a rebound.
8:52 of 2nd period - Snap shot by Zemgus Girgensons.
8:52 of 2nd period - Stopped by Daniil Tarasov without a rebound.
8:53 of 2nd period - Phillip Danault wins face-off versus Nick Schmaltz in Colorado Rockies zone.
9:00 of 2nd period - Wrist shot by Phillip Danault.
9:00 of 2nd period - Shot Misses the Net.
9:02 of 2nd period - Slapshot by Christian Dvorak.
9:02 of 2nd period - Shot Blocked by Michael Bunting.
9:04 of 2nd period - Slapshot by Carson Soucy.
9:04 of 2nd period - Shot Misses the Net.
9:06 of 2nd period - Slapshot by Carson Soucy.
9:06 of 2nd period - Stopped by Daniil Tarasov with a rebound.
9:40 of 2nd period - Vince Dunn is hit by Jordan Eberle.
10:37 of 2nd period - Backhand shot by Michael Bunting.
10:37 of 2nd period - Shot Misses the Net.
10:39 of 2nd period - Slapshot by Timothy Liljegren.
10:39 of 2nd period - Deflect By Michael Bunting.
10:39 of 2nd period - Shot Blocked by Zemgus Girgensons.
10:39 of 2nd period - Puck is out of play.
10:40 of 2nd period - Phillip Danault wins face-off versus Evgeny Kuznetsov in Pittsburgh Penguins zone.
10:40 of 2nd period - Phillip Danault is hit by Timothy Liljegren.
10:46 of 2nd period - Snap shot by Phillip Danault.
10:46 of 2nd period - Shot Blocked by Andrew Peeke.
10:48 of 2nd period - Wrist shot by Christian Dvorak.
10:48 of 2nd period - Stopped by Daniil Tarasov without a rebound.
10:49 of 2nd period - Ryan O'Reilly wins face-off versus Evgeny Kuznetsov in Colorado Rockies zone.
10:58 of 2nd period - Wrist shot by Tage Thompson.
10:58 of 2nd period - Stopped by Daniil Tarasov with a rebound.
11:00 of 2nd period - Wrist shot by Gabriel Vilardi.
11:00 of 2nd period - Stopped by Daniil Tarasov without a rebound.
11:01 of 2nd period - Ryan O'Reilly wins face-off versus Tim Stutzle in Colorado Rockies zone.
11:04 of 2nd period - Snap shot by Tage Thompson.
11:04 of 2nd period - Deflect By Ryan O'Reilly.
11:04 of 2nd period - Stopped by Daniil Tarasov with a rebound.
11:24 of 2nd period - Minor Penalty to Tage Thompson for Holding.
11:25 of 2nd period - Mitchell Marner wins face-off versus Kyle Palmieri in Pittsburgh Penguins zone.
11:40 of 2nd period - Slapshot by Jesper Bratt.
11:40 of 2nd period - Goal by Jesper Bratt - Colorado Rockies : 3 - Pittsburgh Penguins : 2.
11:41 of 2nd period - Leon Draisaitl wins face-off versus Nick Schmaltz in neutral zone.
12:07 of 2nd period - Ryan O'Reilly is hit by Vince Dunn.
12:54 of 2nd period - Slapshot by Philipp Kurashev.
12:54 of 2nd period - Stopped by John Gibson with a rebound.
13:12 of 2nd period - Wrist shot by Vince Dunn.
13:12 of 2nd period - Shot Blocked by Erik Gudbranson.
13:16 of 2nd period - Snap shot by Philipp Kurashev.
13:16 of 2nd period - Stopped by John Gibson without a rebound.
13:17 of 2nd period - Leon Draisaitl wins face-off versus Tim Stutzle in Pittsburgh Penguins zone.
13:44 of 2nd period - Brian Dumoulin is hit by Michael Bunting and loses puck.
13:51 of 2nd period - Wrist shot by Tage Thompson.
13:51 of 2nd period - Shot Misses the Net.
14:17 of 2nd period - Snap shot by Pavel Buchnevich.
14:17 of 2nd period - Stopped by Daniil Tarasov without a rebound.
14:18 of 2nd period - Leon Draisaitl wins face-off versus Tim Stutzle in Colorado Rockies zone.
14:52 of 2nd period - Snap shot by David Pastrnak.
14:52 of 2nd period - Stopped by John Gibson with a rebound.
14:54 of 2nd period - Snap shot by Jesper Bratt.
14:54 of 2nd period - Shot Misses the Net.
14:56 of 2nd period - Slapshot by Timothy Liljegren.
14:56 of 2nd period - Stopped by John Gibson without a rebound.
14:57 of 2nd period - Tim Stutzle wins face-off versus Ryan O'Reilly in Pittsburgh Penguins zone.
15:01 of 2nd period - Minor Penalty to Travis Sanheim for Interference.
15:02 of 2nd period - Mitchell Marner wins face-off versus Tim Stutzle in Pittsburgh Penguins zone.
16:03 of 2nd period - Mitchell Marner is hit by Kyle Palmieri and loses puck.
17:01 of 2nd period - Penalty to Travis Sanheim is over, Travis Sanheim is back on ice.
17:36 of 2nd period - Philipp Kurashev is hit by Blake Coleman.
18:38 of 2nd period - Slapshot by Phillip Danault.
18:38 of 2nd period - Stopped by Daniil Tarasov with a rebound.
18:40 of 2nd period - Wrist shot by Phillip Danault.
18:40 of 2nd period - Stopped by Daniil Tarasov without a rebound.
18:41 of 2nd period - Kyle Palmieri wins face-off versus Blake Coleman in Colorado Rockies zone.
18:54 of 2nd period - Snap shot by Blake Coleman.
18:54 of 2nd period - Stopped by Daniil Tarasov with a rebound.
18:56 of 2nd period - Wrist shot by Jordan Eberle.
18:56 of 2nd period - Stopped by Daniil Tarasov without a rebound.
18:57 of 2nd period - Tim Stutzle wins face-off versus Ryan O'Reilly in Colorado Rockies zone.
19:02 of 2nd period - Brian Dumoulin is hit by Kyle Connor and loses puck.
19:07 of 2nd period - Snap shot by Tim Stutzle.
19:07 of 2nd period - Shot Misses the Net.
19:09 of 2nd period - Wrist shot by Kyle Connor.
19:09 of 2nd period - Shot Blocked by Gabriel Vilardi.
19:23 of 2nd period - Leon Draisaitl is hit by Nick Schmaltz and loses puck.
19:49 of 2nd period - Off-side.
19:50 of 2nd period - Tim Stutzle wins face-off versus Ryan O'Reilly in neutral zone.
Goals for this period are 1 for Colorado Rockies vs 0 for Pittsburgh Penguins.
Shots for this period are 11 for Colorado Rockies vs 13 for Pittsburgh Penguins.

3rd period


0:01 of 3rd period - Tim Stutzle wins face-off versus Leon Draisaitl in neutral zone.
0:16 of 3rd period - Wrist shot by Kyle Connor.
0:16 of 3rd period - Shot Blocked by Travis Sanheim.
0:46 of 3rd period - Snap shot by Philipp Kurashev.
0:46 of 3rd period - Shot Misses the Net.
0:50 of 3rd period - Snap shot by Philipp Kurashev.
0:50 of 3rd period - Deflect By Nick Bonino.
0:50 of 3rd period - Shot Misses the Net.
0:50 of 3rd period - Puck is out of play.
0:51 of 3rd period - Phillip Danault wins face-off versus Tim Stutzle in Pittsburgh Penguins zone.
1:16 of 3rd period - Timothy Liljegren is hit by Zemgus Girgensons.
1:28 of 3rd period - Snap shot by Phillip Danault.
1:28 of 3rd period - Goal by Phillip Danault - Colorado Rockies : 3 - Pittsburgh Penguins : 3.
1:29 of 3rd period - Leon Draisaitl wins face-off versus Nick Schmaltz in neutral zone.
2:01 of 3rd period - Snap shot by Leon Draisaitl.
2:01 of 3rd period - Stopped by Daniil Tarasov with a rebound.
2:03 of 3rd period - Slapshot by Erik Karlsson.
2:03 of 3rd period - Deflect By Victor Hedman.
2:03 of 3rd period - Stopped by Daniil Tarasov with a rebound.
2:05 of 3rd period - Wrist shot by Gabriel Vilardi.
2:05 of 3rd period - Stopped by Daniil Tarasov with a rebound.
2:07 of 3rd period - Slapshot by Erik Karlsson.
2:07 of 3rd period - Stopped by Daniil Tarasov without a rebound.
2:08 of 3rd period - Ryan O'Reilly wins face-off versus Tim Stutzle in Colorado Rockies zone.
4:12 of 3rd period - Nick Schmaltz is hit by Erik Gudbranson and loses puck.
5:00 of 3rd period - Vince Dunn is hit by Leon Draisaitl and loses puck.
5:29 of 3rd period - Philipp Kurashev is hit by Erik Karlsson and loses puck.
5:52 of 3rd period - Slapshot by Christian Dvorak.
5:52 of 3rd period - Stopped by Daniil Tarasov with a rebound.
5:54 of 3rd period - Slapshot by Carson Soucy.
5:54 of 3rd period - Stopped by Daniil Tarasov without a rebound.
5:55 of 3rd period - Ryan O'Reilly wins face-off versus David Pastrnak in Colorado Rockies zone.
6:16 of 3rd period - Martin Fehervary is hit by Gabriel Vilardi and loses puck.
6:27 of 3rd period - Mattias Ekholm is hit by Kevin Hayes and loses puck.
7:24 of 3rd period - Wrist shot by Tim Stutzle.
7:24 of 3rd period - Shot Blocked by Phillip Danault.
7:26 of 3rd period - Snap shot by Victor Hedman.
7:26 of 3rd period - Shot Blocked by Zemgus Girgensons.
8:00 of 3rd period - Slapshot by Michael Bunting.
8:00 of 3rd period - Shot Blocked by Erik Karlsson.
8:02 of 3rd period - Wrist shot by Michael Bunting.
8:02 of 3rd period - Shot Blocked by Sam Reinhart.
8:04 of 3rd period - Snap shot by Kevin Hayes.
8:04 of 3rd period - Goal by Kevin Hayes - Colorado Rockies : 4 - Pittsburgh Penguins : 3.
8:05 of 3rd period - Mitchell Marner wins face-off versus Evgeny Kuznetsov in neutral zone.
9:03 of 3rd period - Slapshot by Victor Hedman.
9:03 of 3rd period - Shot Blocked by Blake Coleman.
9:23 of 3rd period - Snap shot by Erik Karlsson.
9:23 of 3rd period - Deflect By Phillip Danault.
9:23 of 3rd period - Shot Misses the Net.
9:23 of 3rd period - Puck is out of play.
9:24 of 3rd period - Leon Draisaitl wins face-off versus Evgeny Kuznetsov in Colorado Rockies zone.
9:31 of 3rd period - Andrew Peeke is hit by Sam Reinhart and loses puck.
9:54 of 3rd period - Slapshot by Timothy Liljegren.
9:54 of 3rd period - Deflect By Nikita Kucherov.
9:54 of 3rd period - Stopped by John Gibson with a rebound.
10:22 of 3rd period - Wrist shot by Timothy Liljegren.
10:22 of 3rd period - Deflect By Nick Schmaltz.
10:22 of 3rd period - Shot Misses the Net.
10:22 of 3rd period - Puck is out of play.
10:23 of 3rd period - Nick Schmaltz wins face-off versus Leon Draisaitl in Pittsburgh Penguins zone.
11:22 of 3rd period - Wrist shot by Pavel Buchnevich.
11:22 of 3rd period - Shot Misses the Net.
11:24 of 3rd period - Slapshot by Erik Gudbranson.
11:24 of 3rd period - Stopped by Daniil Tarasov without a rebound.
11:25 of 3rd period - Kyle Palmieri wins face-off versus Leon Draisaitl in Colorado Rockies zone.
11:58 of 3rd period - Wrist shot by Philipp Kurashev.
11:58 of 3rd period - Stopped by John Gibson with a rebound.
13:19 of 3rd period - Snap shot by Philipp Kurashev.
13:19 of 3rd period - Stopped by John Gibson without a rebound.
13:20 of 3rd period - Ryan O'Reilly wins face-off versus Evgeny Kuznetsov in Pittsburgh Penguins zone.
13:31 of 3rd period - Wrist shot by Tage Thompson.
13:31 of 3rd period - Deflect By Gabriel Vilardi.
13:31 of 3rd period - Shot Blocked by Martin Fehervary.
13:31 of 3rd period - Puck is out of play.
13:32 of 3rd period - Nick Schmaltz wins face-off versus Leon Draisaitl in Colorado Rockies zone.
13:39 of 3rd period - Slapshot by Martin Fehervary.
13:39 of 3rd period - Shot Misses the Net.
13:41 of 3rd period - Snap shot by Martin Fehervary.
13:41 of 3rd period - Shot Misses the Net.
13:43 of 3rd period - Wrist shot by Michael Bunting.
13:43 of 3rd period - Stopped by John Gibson with a rebound.
13:45 of 3rd period - Snap shot by Michael Bunting.
13:45 of 3rd period - Goal by Michael Bunting - Colorado Rockies : 5 - Pittsburgh Penguins : 3.
13:46 of 3rd period - Tim Stutzle wins face-off versus Leon Draisaitl in neutral zone.
13:49 of 3rd period - Mitchell Marner is hit by Nikita Kucherov and loses puck.
14:09 of 3rd period - Icing by Kyle Connor.
14:10 of 3rd period - Ryan O'Reilly wins face-off versus Tim Stutzle in Colorado Rockies zone.
14:25 of 3rd period - Wrist shot by Kyle Connor.
14:25 of 3rd period - Deflect By Tim Stutzle.
14:25 of 3rd period - Shot Misses the Net.
14:25 of 3rd period - Puck is out of play.
14:26 of 3rd period - Philipp Kurashev wins face-off versus Leon Draisaitl in Pittsburgh Penguins zone.
15:10 of 3rd period - Kyle Connor is hit by Blake Coleman and loses puck.
16:09 of 3rd period - Backhand shot by Nikita Kucherov.
16:09 of 3rd period - Stopped by John Gibson without a rebound.
16:10 of 3rd period - Leon Draisaitl wins face-off versus Evgeny Kuznetsov in Pittsburgh Penguins zone.
16:23 of 3rd period - Wrist shot by Sam Reinhart.
16:23 of 3rd period - Shot Misses the Net.
16:25 of 3rd period - Wrist shot by Sam Reinhart.
16:25 of 3rd period - Shot Misses the Net.
16:27 of 3rd period - Snap shot by Leon Draisaitl.
16:27 of 3rd period - Stopped by Daniil Tarasov with a rebound.
17:44 of 3rd period - Slapshot by Victor Hedman.
17:44 of 3rd period - Stopped by John Gibson with a rebound.
17:48 of 3rd period - Wrist shot by Philipp Kurashev.
17:48 of 3rd period - Shot Blocked by Travis Sanheim.
17:50 of 3rd period - Slapshot by Zach Whitecloud.
17:50 of 3rd period - Shot Misses the Net.
18:11 of 3rd period - Snap shot by Leon Draisaitl.
18:11 of 3rd period - Stopped by Daniil Tarasov without a rebound.
18:12 of 3rd period - Nick Schmaltz wins face-off versus Pavel Buchnevich in Colorado Rockies zone.
18:31 of 3rd period - Icing by Blake Coleman.
18:32 of 3rd period - Pavel Buchnevich wins face-off versus Evgeny Kuznetsov in Pittsburgh Penguins zone.
19:08 of 3rd period - Jordan Eberle is hit by Michael Bunting and loses puck.
19:31 of 3rd period - Wrist shot by Phillip Danault.
19:31 of 3rd period - Stopped by Daniil Tarasov with a rebound.
Goals for this period are 2 for Colorado Rockies vs 1 for Pittsburgh Penguins.
Shots for this period are 8 for Colorado Rockies vs 11 for Pittsburgh Penguins.